 Dungeon Sprint DCSS version 0.18.1-50-g88ac8fd (webtiles) character file.

1148 Kagutsuchi the Fighter (level 8, -3/82 HPs)
             Began as a Black Draconian Berserker on Oct 22, 2016.
             Was a Priest of Trog.
             Slain by a polar bear (14 damage)
             ... in the Dungeon (Sprint II: "The Violet Keep of Menkaure").
             The game lasted 00:06:10 (597 turns).

Kagutsuchi the Fighter (Black Draconian Berserker)   Turns: 597, Time: 00:06:10

Health: -3/82      AC:  6    Str: 20    XL:     8   Next: 15%
Magic:  8/8        EV: 17    Int:  8    God:    Trog [***...]
Gold:   696        SH:  0    Dex: 12    Spells: 0 memorised, 7 levels left

rFire  . . .     SeeInvis .     a - +0 falchion
rCold  . . .     Gourm    .     (armour unavailable)
rNeg   . . .     Faith    .     (no shield)
rPois  .         Spirit   .     (helmet restricted)
rElec  +         Dismiss  .     (no cloak)
rCorr  .         Reflect  .     (no gloves)
SustAt .         Harm     .     (no boots)
MR     .....     NoTele   +     (no amulet)
Stlth  +.........               (no ring)
                                (no ring)

@: short of breath, not resistant to hostile enchantments, very unstealthy
A: breathe lightning, unfitting armour, electricity resistance, cold-blooded, AC
+6
a: Breathe Lightning, Berserk, Trog's Hand, Burn Spellbooks, Renounce Religion


You were in the Dungeon.
You worshipped Trog.
Trog was most pleased with you.
You were not hungry.

You visited 1 branch You collected 972 gold pieces.
You spent 276 gold pieces at shops.

Inventory:

Hand Weapons
 a - a +0 falchion (weapon)
 k - a +0 spear
Missiles
 j - 7 javelins of penetration (quivered)
Scrolls
 h - a scroll of blinking
Potions
 e - a potion of haste
 f - 2 potions of magic
 g - a potion of berserk rage
Comestibles
 b - a slice of pizza
 d - a bread ration
 i - a meat ration


   Skills:
 + Level 11.5 Fighting
 + Level 10.9 Long Blades
 + Level 10.0 Dodging


You had 7 spell levels left.
You didn't know any spells.

Dungeon Overview and Level Annotations

Branches:
Dungeon (1/1)

Altars:
Cheibriados
Dithmenos
Elyvilon
Fedhas
Gozag
Kikubaaqudgha
Makhleb
Nemelex Xobeh
Okawaru
Pakellas
Ru
Trog
Vehumet
Yredelemnul
Zin
The Shining One
Beogh
Lugonu

Shops:
D =[:[*%}!?(%:![=!

Annotations:
D exclusion: oklob plant, Roxanne


Innate Abilities, Weirdness & Mutations

You can breathe wild blasts of lightning.
Your glossy black scales are hard (AC +6).
Your body does not fit into most forms of armour.
You are resistant to electric shocks.
You are cold-blooded and may be slowed by cold attacks.


Message History

The polar bear claws you but does no damage.
The polar bear misses you. The polar bear bites you.
* * * LOW HITPOINT WARNING * * *
The polar bear claws you.
* * * LOW HITPOINT WARNING * * *
The polar bear closely misses you.
Your unstable footing causes you to fumble your attack.
The polar bear completely misses you.
The polar bear claws you but does no damage. x2
The polar bear closely misses you.
The polar bear claws you but does no damage. x2
Unknown command.
Unknown command.
Unknown command.
Unknown command.
You hit the polar bear but do no damage.
The polar bear is heavily wounded.
The polar bear completely misses you. The polar bear barely misses you.
The polar bear completely misses you. The polar bear bites you!
You die...

.##'##..# ##...##.####
## #..#..#....# .#
##...####..## .#
###'###.##..# .# #
.##.##...#..# .# .#
#'.<.÷.##'..### .##.#
.##.##...#....###h..##▓▓
###'###.##......@hc≈≈≈≈≈
###.#####≈≈...§.§#+#####
#..#..#≈≈≈≈≈§≈..≈#......
##.#.##≈§§§≈§≈§.≈#._._..
≈##†##≈≈≈§≈≈§§§§≈#_._._.
≈≈†≈≈≈≈≈≈§§≈§≈≈≈≈#._._._
+++#+++#≈≈§≈≈§≈≈≈#_._._.
§§..§ ##≈≈≈###≈≈#._._._
.§.§..§.##§≈# #§≈#.._._.


You could see 2 polar bears and a yaktaur.

Vanquished Creatures
  A siren (D)
  2 hippogriffs (D)
  4 necrophages (D)
  A crocodile (D)
  4 worker ants (D)
  A hell rat (D)
13 creatures vanquished.

Vanquished Creatures (others)
  Menkaure (D)
  A crocodile (D)
2 creatures vanquished.

Grand Total: 15 creatures vanquished

Notes
Turn   | Place    | Note
--------------------------------------------------------------
     0 | D        | Kagutsuchi the Draconian Berserker began the quest for the Orb.
     0 | D        | Reached XP level 1. HP: 19/19 MP: 1/1
     1 | D        | Noticed a hippogriff
     1 | D        | Noticed a hippogriff
     5 | D        | Killed a hippogriff
     5 | D        | Reached skill level 7 in Fighting
     5 | D        | Reached skill level 5 in Dodging
     5 | D        | Reached XP level 2. HP: 34/34 MP: 2/2
     5 | D        | Reached XP level 3. HP: 39/39 MP: 3/3
     5 | D        | Reached XP level 4. HP: 47/47 MP: 4/4
     9 | D        | Killed a hippogriff
     9 | D        | Reached ** piety under Trog
     9 | D        | Reached skill level 8 in Fighting
     9 | D        | Reached XP level 5. HP: 37/56 MP: 5/5
     9 | D        | Reached XP level 6. HP: 41/62 MP: 6/6
    42 | D        | Killed Menkaure
    62 | D        | Found Kivoqov's Jewellery Boutique.
    62 | D        | Found Ewuewo's Distillery.
    62 | D        | Found Ibriegas's Antique Weapon Boutique.
    62 | D        | Found Hotatz's Food Boutique.
    62 | D        | Found Moedacoa's Magic Scroll Shop.
    63 | D        | Found Zueten's Distillery.
    63 | D        | Found Ellonous's Book Shop.
    63 | D        | Found Surygg's Distillery.
    64 | D        | Found Zeosas's Gadget Shop.
    64 | D        | Found Joaboh's Food Boutique.
    64 | D        | Noticed a slime creature
    65 | D        | Found Gutuam's Antique Armour Boutique.
    65 | D        | Noticed a slime creature
    66 | D        | Found Ekhotim's Assorted Antiques.
    66 | D        | Found Rimayrias's Antique Armour Boutique.
    66 | D        | Noticed a slime creature
    66 | D        | Noticed an oklob plant
    67 | D        | Found Gywuwuh's Antique Armour Shop.
    67 | D        | Found Deyniq's Jewellery Boutique.
    67 | D        | Found Uchodgh's Book Shoppe.
    69 | D        | Noticed an iron elemental
    73 | D        | Bought a potion of curing for 36 gold pieces
    73 | D        | Bought a potion of curing for 36 gold pieces
    73 | D        | Bought a potion of curing for 36 gold pieces
    75 | D        | Noticed a polar bear
    87 | D        | Reached skill level 9 in Fighting
   106 | D        | Noticed Roxanne
   144 | D        | Noticed a polar bear
   166 | D        | Noticed a siren
   192 | D        | Killed a siren
   192 | D        | Reached skill level 10 in Fighting
   192 | D        | Your scales start taking on a glossy black colour.
   192 | D        | Reached XP level 7. HP: 53/73 MP: 7/7
   192 | D        | Gained mutation: You are resistant to electric shocks. [Black Draconian growth]
   277 | D        | Reached skill level 10 in Long Blades
   281 | D        | Reached skill level 11 in Fighting
   291 | D        | Reached XP level 8. HP: 82/82 MP: 8/8
   315 | D        | Bought a slice of pizza for 19 gold pieces
   315 | D        | Bought a bread ration for 65 gold pieces
   315 | D        | Bought a meat ration for 65 gold pieces
   315 | D        | Bought a beef jerky for 19 gold pieces
   336 | D        | Reached *** piety under Trog
   412 | D        | Noticed an ice statue
   433 | D        | Received a gift from Trog
   442 | D        | Reached skill level 10 in Dodging
   569 | D        | Found a shadowy altar of Dithmenos.
   570 | D        | Found an opulent altar of Gozag.
   572 | D        | Found a white marble altar of Elyvilon.
   572 | D        | Found a glowing golden altar of the Shining One.
   572 | D        | Found a blossoming altar of Fedhas.
   573 | D        | Found an ancient bone altar of Kikubaaqudgha.
   573 | D        | Found a snail-covered altar of Cheibriados.
   574 | D        | Found a sacrificial altar of Ru.
   576 | D        | Found a bloodstained altar of Trog.
   576 | D        | Found a glowing silver altar of Zin.
   576 | D        | Found a sparkling altar of Nemelex Xobeh.
   576 | D        | Found a corrupted altar of Lugonu.
   577 | D        | Found a radiant altar of Vehumet.
   577 | D        | Found an oddly glowing altar of Pakellas.
   577 | D        | Found a roughly hewn altar of Beogh.
   578 | D        | Found a basalt altar of Yredelemnul.
   578 | D        | Found an iron altar of Okawaru.
   578 | D        | Found a burning altar of Makhleb.
   578 | D        | Noticed a polar bear
   579 | D        | Noticed a polar bear
   580 | D        | Noticed a polar bear
   581 | D        | Noticed a yaktaur
   597 | D        | Slain by a polar bear

Skill      XL: |  1  2  3  4  5  6  7  8 |
---------------+-------------------------+-----
Fighting       | 7 8 10 11 | 11.5
Long Blades    | 6 7 9 10 | 10.9
Dodging        | 5 7 9 10 | 10.0

Action                   |  1- 3 |  4- 6 |  7- 9 || total
-------------------------+-------+-------+-------++-------
Melee: Falchion          |     3 |    31 |    49 ||    83
       Tailslap          |     2 |     5 |     6 ||    13
Invok: Berserk           |     1 |       |     3 ||     4
 Abil: Breathe Lightning |       |       |     1 ||     1
  Use: Potion            |       |     3 |     2 ||     5
  Eat: Bread ration      |       |     1 |       ||     1
       Beef jerky        |       |       |     1 ||     1
Armor: Skin              |       |     1 |    23 ||    24
Dodge: Dodged            |     1 |     8 |    60 ||    69
